 Dungeon Crawl Stone Soup version 0.22-a0-609-gfedc9ff (webtiles) character file.

79 Amnesiac the Magician (level 4, -7/27 HPs)
             Began as a Deep Elf Wizard on July 11, 2018.
             Mangled by Natasha (10 damage)
             ... on level 2 of the Dungeon.
             The game lasted 00:02:14 (699 turns).

Amnesiac the Magician (Deep Elf Wizard)              Turns: 699, Time: 00:02:14

Health: -7/27      AC:  2    Str:  4    XL:     4   Next: 16%
Magic:  5/12       EV: 13    Int: 24    God:
Gold:   52         SH:  0    Dex: 13    Spells: 1/12 levels left

rFire    . . .     SeeInvis .   m - +0 long sword (curse)
rCold    . . .     Gourm    .   (no shield)
rNeg     . . .     Faith    .   a - +0 robe
rPois    .         Spirit   .   (no helmet)
rElec    .         Reflect  .   (no cloak)
rCorr    .         Harm     .   (no gloves)
MR       .....                  (no boots)
Stlth    ++........             (no amulet)
HPRegen  0.09/turn              g - ring of wizardry
MPRegen  0.13/turn              (no ring)

@: slowed, very slow
A: no striking features
a: no special abilities


You were on level 2 of the Dungeon.
You were not hungry.

You visited 1 branch of the dungeon, and saw 3 of its levels.

You collected 52 gold pieces.

Inventory:

Hand Weapons
 m - a cursed +0 long sword (weapon)
Armour
 a - a +0 robe (worn)
Jewellery
 g - a ring of wizardry (left hand)
Wands
 i - a wand of flame (23)
Scrolls
 c - a scroll of blinking {!r, unknown}
 e - a scroll of identify {!r, unknown}
 f - a scroll of teleportation {!r, unknown}
 h - a scroll of amnesia {!r, unknown}
 j - a scroll of remove curse {!r, unknown}
Potions
 k - 2 potions of degeneration {!q, unknown}
 l - a potion of curing {!q, unknown}
Comestibles
 b - 3 chunks of flesh
 d - 2 rations


   Skills:
 * Level 2.4 Fighting
 + Level 2.4 Dodging
 - Level 2.4 Stealth
 - Level 4.5 Spellcasting
 + Level 2.6 Conjurations
 - Level 1.1 Summonings
 - Level 1.1 Translocations


You had one spell level left.
You knew the following spells:

 Your Spells              Type           Power        Failure   Level  Hunger
a - Magic Dart            Conj           ###.         1%          1    None
b - Call Imp              Summ           ##......     3%          2    None
e - Mephitic Cloud        Conj/Pois/Air  #.......     9%          3    ##.....
s - Conjure Flame         Conj/Fire      ##......     6%          3    ##.....
v - Blink                 Tloc           N/A          3%          2    None

Your spell library contained the following spells:

 Spells                   Type           Power        Failure   Level  Hunger
 Slow                     Hex            #.......     6%          2    None


Dungeon Overview and Level Annotations

Branches:
Dungeon (3/15)

Altars:
Fedhas
Okawaru

Annotations:
D:2 Natasha


Message History

Casting: Conjure Flame (safe; 6% risk of failure)
Confirm with . or Enter, or press ? or * to list all spells.
Aiming: Magic Dart (safe; 1% risk of failure)
Press: ? - help, Shift-Dir - straight line, f - Natasha
Aim: Natasha The magic dart hits Natasha.
Natasha is lightly wounded.
Natasha casts a spell at you.
You feel yourself slow down.
You climb upwards.
There is a stone staircase leading down here.
Casting: Magic Dart (safe; 1% risk of failure)
Confirm with . or Enter, or press ? or * to list all spells.
A beastly little devil appears in a puff of flame.
Your crimson imp says, "I yield to your servitude, O magnificent and greatest ruler!"
Natasha barely misses you. Natasha claws you.
Casting: Call Imp (safe; 3% risk of failure)
Confirm with . or Enter, or press ? or * to list all spells.
A beastly little devil appears in a puff of flame.
Natasha closely misses you.
Casting: Call Imp (safe; 3% risk of failure)
Confirm with . or Enter, or press ? or * to list all spells.
A beastly little devil appears in a puff of flame.
Natasha stares at you and mumbles some strange words.
The magic dart hits you!
Natasha mumbles some strange words.
Your crimson imp blinks!
Natasha closely misses you.
Your crimson imp blinks!
The iron imp hits you.
* * * LOW HITPOINT WARNING * * *
Natasha barely misses you.
You riposte.
You hit Natasha.
Natasha is heavily wounded.
Natasha claws you!
* * * LOW HITPOINT WARNING * * *
The iron imp misses your crimson imp. Natasha barely misses your crimson imp.
The iron imp hits your crimson imp. Natasha claws your crimson imp.
Found 10 gold pieces.
Casting: Call Imp (safe; 3% risk of failure)
Confirm with . or Enter, or press ? or * to list all spells.
Aiming: Magic Dart (safe; 1% risk of failure)
Press: ? - help, Shift-Dir - straight line, f - iron imp
Aim: an iron imp (summoned) Really fire in your crimson imp's direction?
Okay, then.
Casting: Magic Dart (safe; 1% risk of failure)
Confirm with . or Enter, or press ? or * to list all spells.
Aiming: Magic Dart (safe; 1% risk of failure)
Press: ? - help, Shift-Dir - straight line, f - Natasha, p - iron imp
Aim: Natasha (severely wounded)
The magic dart hits Natasha.
Natasha is severely wounded.
Your crimson imp blinks! x2
Unknown command.
Casting: Magic Dart (safe; 1% risk of failure)
Confirm with . or Enter, or press ? or * to list all spells.
Aiming: Magic Dart (safe; 1% risk of failure)
Press: ? - help, Shift-Dir - straight line, f/p - Natasha
Aim: Natasha (almost dead)
The magic dart hits Natasha.
Natasha is almost dead.
Your crimson imp blinks!
Natasha claws you!
You die...

##.##
#...#
#.÷.#
#..>#
#...#
#.§.#
#.5.#
#.h5# #
##@##
####...
#.#
†..†...
5..
####...
####. #
.$ ##


You could see an iron imp, Natasha and 2 friendly crimson imps.

Vanquished Creatures
  Jessica (D:3)
  4 adders
  2 orcs (D:3)
  A ball python (D:3)
  3 goblins
  A hobgoblin (D:3)
  2 jackals (D:2)
  A bat (D:2)
  A frilled lizard (D:2)
  2 rats
18 creatures vanquished.

Notes
Turn   | Place    | Note
-------+----------+-------------------------------------------
     0 | D:1      | Amnesiac the Deep Elf Wizard began the quest for the Orb.
     0 | D:1      | Reached XP level 1. HP: 10/10 MP: 7/7
   146 | D:2      | Reached skill level 1 in Fighting
   146 | D:2      | Reached XP level 2. HP: 14/16 MP: 5/9
   164 | D:2      | Learned a level 2 spell: Blink
   167 | D:2      | Learned a level 2 spell: Call Imp
   347 | D:3      | Reached XP level 3. HP: 21/21 MP: 4/11
   352 | D:3      | Learned a level 3 spell: Conjure Flame
   356 | D:3      | Learned a level 3 spell: Mephitic Cloud
   384 | D:3      | Noticed Jessica
   388 | D:3      | Killed Jessica
   504 | D:3      | Reached XP level 4. HP: 27/27 MP: 3/12
   595 | D:3      | Found a blossoming altar of Fedhas.
   598 | D:3      | Found an iron altar of Okawaru.
   605 | D:3      | Noticed Natasha
   699 | D:2      | Mangled by Natasha

Vault maps used:
D:1:      eino_arrival_tree_alley
D:2:      nemelex_xobeh_ov_fountains_minmay
D:3:      grunt_temple_overflow_cloverleaf, first_ration, gammafunk_ghost_grave,
          uniq_jessica, uniq_natasha

Skill      XL: |  1  2  3 |
---------------+----------+-----
Fighting       | 1 2 |  2.4
Conjurations   | 2 |  2.6
Dodging        | |  2.4
Stealth        | |  2.4
Spellcasting   | |  4.5
Summonings     | |  1.1
Translocations | |  1.1

Action                   |  1- 3 |  4- 6 || total
-------------------------+-------+-------++-------
 Cast: Magic Dart        |    40 |     7 ||    47
       Call Imp          |       |     4 ||     4
       Mephitic Cloud    |       |     2 ||     2
Armor: Robe              |       |     3 ||     3
Dodge: Dodged            |     5 |     4 ||     9
       Rpst.: Long sword |       |     1 ||     1

Table legend:
 A = Spawn XP
 B = Non-spawn XP
 C = Spawn XP percentage of total XP
 D = Spawn monster count
 E = Non-spawn monster count
 F = Spawn count percentage of total count
 G = Total turns spent on level
                    A         B        C        D         E        F      G
               +---------+---------+-------+---------+---------+-------+---------
         Total |       0 |     113 |   0.0 |       0 |      18 |   0.0 |   699
               +---------+---------+-------+---------+---------+-------+---------
           D:1 |       0 |       3 |   0.0 |       0 |       2 |   0.0 |    36
           D:2 |       0 |      36 |   0.0 |       0 |       8 |   0.0 |   379
           D:3 |       0 |      74 |   0.0 |       0 |       8 |   0.0 |   284
               +---------+---------+-------+---------+---------+-------+---------
